 Dungeon Crawl Stone Soup version 0.26.1-11-gd32895ea62 (webtiles) character file.

Game seed: 7507485115855328482

416 Zeld the Twirler (level 6, -5/39 HPs)
             Began as an Octopode Gladiator on May 17, 2021.
             Killed from afar by an orc wizard (7 damage)
             ... with a magic dart
             ... on level 4 of the Dungeon.
             The game lasted 00:05:17 (5608 turns).

Zeld the Twirler (Octopode Gladiator)               Turns: 5608, Time: 00:05:19

Health: -5/39      AC:  1    Str: 13    XL:     6   Next: 92%
Magic:  6/6        EV: 14    Int: 11    God:
Gold:   183        SH:  0    Dex: 15    Spells: 5/5 levels left

rFire    . . .     SeeInvis .   q - +0 quarterstaff
rCold    . . .     Faith    .   (shield currently unavailable)
rNeg     . . .     Spirit   .   b - +0 hat
rPois    .         Reflect  .   (no amulet)
rElec    .         Harm     .   (no ring)
rCorr    .         Rampage  .   (no ring)
Will     .....                  (no ring)
Stlth    ++........             (no ring)
HPRegen  0.13/turn              (no ring)
MPRegen  0.10/turn              (no ring)
                                (no ring)
                                (no ring)

@: no status effects
A: almost no armour, stealthy swim, amphibious, 8 rings, constrict 8, camouflage
1, gelatinous body 1
a: no special abilities


You were on level 4 of the Dungeon.
You visited 1 branch of the dungeon, and saw 4 of its levels.
You also visited: Ossuary.

You collected 183 gold pieces.

Inventory:

Hand Weapons
 a - a +0 quarterstaff
 q - a +0 quarterstaff (weapon)
Missiles
 c - 3 throwing nets (quivered)
 j - 6 boomerangs
Armour
 b - a +0 hat (worn)
Wands
 o - a wand of polymorph (8)
Scrolls
 d - a scroll of fog {unknown}
 f - 2 scrolls of fear
 h - 3 scrolls of teleportation
 k - 2 scrolls of identify {unknown}
 p - a scroll of remove curse {unknown}
 r - a scroll of magic mapping {unknown}
Potions
 e - a potion of flight {unknown}
 g - 4 potions of lignification {unknown}
 l - a potion of haste {unknown}
 m - a potion of curing {unknown}
 n - a potion of degeneration {unknown}
 s - a potion of berserk rage {unknown}
 t - 2 potions of ambrosia {unknown}


   Skills:
 - Level 2.0 Fighting
 * Level 5.7 Staves
 * Level 5.2 Throwing
 - Level 3.0 Dodging


You had 5 spell levels left.
You didn't know any spells.
Your spell library was empty.

Dungeon Overview and Level Annotations

Branches:
Dungeon (4/15)            Ossuary (visited)
 Temple: D:4-7

Altars:
Cheibriados
Hepliaklqana
Makhleb


Innate Abilities, Weirdness & Mutations

You cannot wear most types of armour.
You are very stealthy in the water. (Stealth+)
You are amphibious.
You can wear up to eight rings at the same time.
You can use your tentacles to constrict eight enemies at once.
Your skin changes colour to match your surroundings (Stealth+).
Your rubbery body absorbs attacks. (AC +1, EV +1)


Message History

The worker ant is almost dead.
You constrict the worker ant.
You kill the worker ant!
You sock the howler monkey!
You kill the howler monkey!
A magic dart appears from out of thin air!
The magic dart hits you!
* * * LOW HITPOINT WARNING * * *
You barely miss something.
You hear some strange, mumbled words.
A puff of frost appears from out of thin air!
The puff of frost misses you.
You miss something. Something hits you.
* * * LOW HITPOINT WARNING * * *
Something freezes you.
* * * LOW HITPOINT WARNING * * *
You hear some strange, mumbled words.
A magic dart appears from out of thin air!
The magic dart hits you!
You die...

..#....#....#
..#....#....#
#.#....#....#
#.#....#....##
#.#....#.....#
#(###'##.....##
#.............##
...............####.#
...........#.!.{@...#
.######...######...##
. #...# ###..# .
#..## ...# . #.).#
..# #..## .... #..#
..## ..## ..# ...


There were no monsters in sight!

Vanquished Creatures
  A howler monkey (D:4)
  2 human zombies (Ossuary)
  2 orc priests
  An orc wizard (D:4)
  A worker ant (D:4)
  2 mummies (Ossuary)
  6 adders
  2 oozes
  A worm (D:3)
  3 leopard geckos
  11 orcs
  4 giant cockroaches
  8 goblins
  9 hobgoblins
  6 jackals (D:2)
  A quokka (D:2)
  A ball python (D:3)
  4 bats
  5 frilled lizards
  3 goblin zombies (Ossuary)
  8 hobgoblin zombies (Ossuary)
  A jackal zombie (Ossuary)
  10 kobolds
  13 kobold zombies (Ossuary)
  9 orc zombies (Ossuary)
  6 rats
  A rat zombie (Ossuary)
121 creatures vanquished.

Notes
Turn   | Place    | Note
-------+----------+-------------------------------------------
     0 | D:1      | Zeld the Octopode Gladiator began the quest for the Orb.
     0 | D:1      | Reached XP level 1. HP: 14/14 MP: 1/1
   119 | D:1      | Reached XP level 2. HP: 16/19 MP: 2/2
   557 | D:1      | Reached XP level 3. HP: 22/24 MP: 3/3
  1228 | D:2      | Found a hazy altar of Hepliaklqana.
  1267 | D:2      | Found a snail-covered altar of Cheibriados.
  1267 | D:2      | Found a burning altar of Makhleb.
  1411 | D:2      | Reached XP level 4. HP: 17/29 MP: 4/4
  2756 | D:3      | Reached XP level 5. HP: 34/34 MP: 5/5
  4267 | D:4      | Noticed an ogre
  4304 | D:4      | Found a sand-covered staircase.
  4314 | Ossuary  | Entered an ossuary
  4365 | Ossuary  | Reached skill level 5 in Staves
  4385 | Ossuary  | Reached XP level 6. HP: 32/39 MP: 6/6
  5583 | D:4      | Reached skill level 5 in Throwing
  5608 | D:4      | Killed from afar by an orc wizard

Illustrated notes

Levels and vault maps discovered:
D:1:      psy_arrival_conway, layout_basic
D:2:      layout_basic, lemuel_coloured_pillars_altar,
          chequers_temple_overflow_statue_of_worship
D:3:      layout_rooms
D:4:      minmay_goblin_kobold_castle, layout_layer_cave,
          nicolae_ossuary_entry_ruins, nrook_mini_vaults, uniq_grinder,
          uniq_ijyb

Skill      XL: |  1  2  3  4  5  6 |
---------------+-------------------+-----
Throwing       | 3 4 5 |  5.2
Staves         | 4 5 |  5.7
Fighting       | |  2.0
Dodging        | |  3.0

Action                   |  1- 3 |  4- 6 || total
-------------------------+-------+-------++-------
Melee: Quarterstaff      |    69 |   185 ||   254
       Constrict         |    22 |    55 ||    77
       Tentacles         |    10 |    37 ||    47
  Use: Scroll            |       |     4 ||     4
 Stab: Sleeping          |     4 |     8 ||    12
Armor: Skin              |     7 |    13 ||    20
Dodge: Dodged            |    47 |   141 ||   188
